 Dungeon Crawl Stone Soup version 0.25-a0-189-gf71692caf1 (webtiles) character file.

Game seed: 15077329838072996381, levelgen mode: deterministic

10103 sanka the Fighter (level 11, 0/102 HPs)
             Began as a Hill Orc Necromancer on Nov 29, 2019.
             Was an Elder of Kikubaaqudgha.
             Slain by a wolf (1 damage)
             ... led by Grum
             ... on level 11 of the Dungeon.
             The game lasted 00:56:08 (20026 turns).

sanka the Fighter (Hill Orc Necromancer)           Turns: 20026, Time: 00:56:09

Health: 0/102      AC:  8    Str: 12      XL:     11   Next: 56%
Magic:  20/20      EV: 16    Int: 16      God:    Kikubaaqudgha [****..]
Gold:   592        SH:  0    Dex: 12 (13) Spells: 3/22 levels left

rFire    + + .     SeeInvis .   a - +2 short sword (venom)
rCold    + . .     Gourm    .   (no shield)
rNeg     . . .     Faith    +   C - +0 robe
rPois    .         Spirit   .   o - +2 helmet
rElec    .         Reflect  .   F - scarf {rC+ rF+}
rCorr    +         Harm     .   A - +2 pair of gloves (curse)
MR       .....                  (no boots)
Stlth    ++........             r - amulet of faith {!P}
HPRegen  0.27/turn              h - ring of protection from fire
MPRegen  0.17/turn              t - ring of resist corrosion

@: no status effects
A: no striking features
a: Receive Corpses, Renounce Religion


You were on level 11 of the Dungeon.
You worshipped Kikubaaqudgha.
Kikubaaqudgha was greatly pleased with you.
You were not hungry.

You visited 3 branches of the dungeon, and saw 13 of its levels.

You collected 592 gold pieces.


   Skills:
 - Level 11.0 Fighting
 - Level 8.0 Dodging
 - Level 1.5 Stealth
 * Level 6.0 Spellcasting
 * Level 9.0 Necromancy
 + Level 2.5 Earth Magic
 - Level 4.0 Evocations


You had 3 spell levels left.
You knew the following spells:

 Your Spells              Type           Power        Failure   Level  Hunger
g - Regeneration          Chrm/Necr      ###.......   6%          3    ##.....
n - Sublimation of Blood  Necr           ####......   1%          2    #......
x - Vampiric Draining     Necr           ####......   1%          3    ##.....
y - Borgnjor's Vile Clut  Necr/Erth      ###.......   34%         5    ######.
z - Pain                  Necr           ####         1%          1    None
X - Animate Dead          Necr           N/A          3%          4    ####...
Z - Animate Skeleton      Necr           N/A          1%          1    None

Your spell library contained the following spells:

 Spells                   Type           Power        Failure   Level  Hunger
 Corona                   Hex            #......      14%         1    None
 Ensorcelled Hibernation  Hex/Ice        #.....       21%         2    #......
 Confuse                  Hex            #.......     38%         3    ##.....
 Dazzling Spray           Conj/Hex       #.....       38%         3    ##.....
 Tukima's Dance           Hex            #.......     38%         3    ##.....
 Dispel Undead            Necr           ####....     9%          5    ######.
 Death Channel            Necr           ####......   45%         6    #######
 Bolt of Draining         Conj/Necr      ###.......   52%         5    ######.
 Simulacrum               Ice/Necr       ###.......   97%         6    #######

Inventory:

Hand Weapons
 a - a +2 short sword of venom (weapon)
Missiles
 b - 166 stones (quivered)
 d - 29 boomerangs
Armour
 o - a +2 helmet (worn)
 A - a cursed +2 pair of gloves (worn)
 C - a +0 robe (worn)
 F - a scarf of resistance (worn)
 I - a +0 hat of see invisible
Jewellery
 h - a ring of protection from fire (left hand)
 r - an amulet of faith (around neck) {!P}
 t - a ring of resist corrosion (right hand)
 G - a cursed amulet of inaccuracy {unknown}
Wands
 f - a wand of disintegration (4)
 l - a wand of acid (7)
 y - a wand of random effects (35)
 D - a wand of flame (1)
 H - a wand of digging (6)
Scrolls
 e - 3 scrolls of magic mapping
 g - 2 scrolls of enchant weapon
 k - 9 scrolls of remove curse
 m - 4 scrolls of teleportation
 n - 2 scrolls of blinking
 p - 2 scrolls of immolation {!r}
 v - a scroll of torment {unknown}
 w - 4 scrolls of amnesia
 x - a scroll of fog
 z - 2 scrolls of enchant armour
Potions
 i - 2 potions of might
 j - a potion of haste
 q - 2 potions of heal wounds {unknown}
 s - 5 potions of brilliance
 u - a potion of resistance {unknown}
 B - 2 potions of mutation {unknown}
 E - a potion of degeneration {unknown}
Comestibles
 c - 19 rations

Dungeon Overview and Level Annotations

Branches:
Dungeon (11/15)            Temple (1/1) D:6            Lair (0/6) D:11
    Orc (1/2) D:9

Altars:
Ashenzari
Cheibriados
Dithmenos
Elyvilon
Fedhas
Gozag
Hepliaklqana
Kikubaaqudgha
Makhleb
Nemelex Xobeh
Okawaru
Qazlal
Ru
Sif Muna
Trog
Uskayaw
Vehumet
Wu Jian
Xom
Yredelemnul
Zin
The Shining One

Shops:
D:5 %   D:9 (

Annotations:
D:4 Eustachio
D:9 Harold
D:11 Grum

▒▒▒▒▒▒▒▒..............▒.▒.▒.▒.
▒▒▒▒▒▒..▒▒▒▒▒▒▒▒▒...........
............................
............................
................. ........
..▒▒▒▒▒▒▒.▒▒▒▒▒▒▒.▒▒▒▒▒▒▒▒.. .
..........................
..........................
........ho▒▒▒▒▒▒▒▒▒▒▒...▒▒
........hh▒▒▒▒▒▒▒▒▒▒▒...▒▒
.........h.o.o(........... cc
..........Y....(o..o...... ..▒
▒▒▒▒▒▒........oo=..>.....▒
▒..▒ ▒.▒▒▒▒▒▒▒▒()▒▒▒▒▒▒▒.▒
▒..c▒▒ ▒. ▒.(▒ ▒.▒ ▒...c.▒▒ ▒.
▒.(▒▒▒▒▒▒▒.▒ ..c....▒ ▒.
▒.(o..Y..o..


You could see a yak and 4 wolves.


Message History

Things that are here:
10 arrows; a +0 shortbow The orc barely misses you.
The wolf barely misses you. The orc closely misses you. The wolf misses you.
The wolf barely misses you.
The orc priest casts a cantrip, but nothing happens.
The wolf bites you.
* * * LOW HITPOINT WARNING * * *
The wolf bites you but does no damage.
The orc priest mumbles some strange prayers to Beogh against you.
Beogh smites you!
* * * LOW HITPOINT WARNING * * *
The wolf misses you. The wolf completely misses you. The wolf bites you!
* * * LOW HITPOINT WARNING * * *
The wolf bites you.
* * * LOW HITPOINT WARNING * * *
The wolf bites you.
* * * LOW HITPOINT WARNING * * *
The wolf bites you.
* * * LOW HITPOINT WARNING * * *
Things that are here:
a +0 shortbow; an arrow
There is a stone staircase leading up, spattered with blood here.
You see here an arrow.
The wolf bites you.
* * * LOW HITPOINT WARNING * * *
The wolf bites you.
You die...
Kikubaaqudgha rasps: "You have failed me!
Welcome... death!"

Action                   |  1- 3 |  4- 6 |  7- 9 | 10-12 || total
-------------------------+-------+-------+-------+-------++-------
Melee: Unarmed           |     3 |       |       |       ||     3
       Short sword       |     5 |   148 |   271 |   516 ||   940
 Cast: Pain              |    50 |    91 |    74 |    13 ||   228
       Animate Skeleton  |     6 |       |    22 |    14 ||    42
       Vampiric Draining |       |    11 |    75 |    89 ||   175
       Animate Dead      |       |       |     2 |     6 ||     8
Evoke: Wand              |       |       |     8 |    12 ||    20
  Use: Potion            |       |     1 |     7 |     2 ||    10
       Scroll            |       |       |    13 |     4 ||    17
 Stab: Sleeping          |       |     2 |     2 |     1 ||     5
       Distracted        |       |       |       |     2 ||     2
  Eat: Chunk             |     3 |    13 |    22 |    20 ||    58
       Ration            |       |       |     3 |     4 ||     7
Armor: Robe              |     6 |    23 |    57 |   189 ||   275
Dodge: Dodged            |    15 |   115 |   356 |   645 ||  1131

Levels and vault maps discovered:
D:1:      dpeg_arrival_pond, layout_rooms, minmay_misc_feat_five,
          chequers_serial_rivers_room_b
D:2:      layout_basic, cheibriados_altar_1, fedhas_altar_2, uniq_sigmund,
          uniq_jessica
D:3:      layout_loops_corners, serial_forest, infiniplex_forest_straight_2,
          infiniplex_forest_clump_diagonal, infiniplex_forest_lined_room_,
          infiniplex_forest_end_2, infiniplex_forest_zigzag_1,
          infiniplex_forest_join, infiniplex_forest_lined_4_way,
          minmay_curled_crystal
D:4:      layout_loops_ring, gammafunk_temple_overflow_forgotten, first_ration,
          uniq_eustachio
D:5:      layout_basic, serial_shops, shop_fountains
D:6:      layout_loops_cross, minmay_temple_entry_large_hall, uniq_grinder
D:7:      layout_basic
D:8:      layout_cave_pools, kennysheep_little_box, blue_anna_alchemist
          [blue_anna_fruit_fields, blue_anna_fruit_fields]
D:9:      layout_roguey, orc_david_3, nicolae_dithmenos_through_a_glass_darkly,
          uniq_harold
D:10:     layout_gridville, nicolae_xom_altar_mimics
D:11:     layout_long_grid, erik_lair_orcish_takeover, glass_columns_c,
          uniq_gastronok, uniq_grum
Temple:   nicolae_temple_elliptical
Orc:1:    layout_caves

Notes
Turn   | Place    | Note
-------+----------+-------------------------------------------
     0 | D:1      | sanka the Hill Orc Necromancer began the quest for the Orb.
     0 | D:1      | Reached XP level 1. HP: 14/14 MP: 3/3
   305 | D:1      | Reached XP level 2. HP: 20/20 MP: 2/4
   329 | D:1      | Learned a level 1 spell: Animate Skeleton
   816 | D:2      | Reached XP level 3. HP: 23/26 MP: 0/5
   821 | D:2      | Learned a level 3 spell: Vampiric Draining
   863 | D:2      | Reached skill level 5 in Necromancy
  1092 | D:2      | Found a blossoming altar of Fedhas.
  1344 | D:2      | Noticed Jessica
  1346 | D:2      | Killed Jessica
  1346 | D:2      | Reached skill level 2 in Spellcasting
  1346 | D:2      | Reached XP level 4. HP: 31/33 MP: 2/7
  2383 | D:2      | Noticed Sigmund
  2384 | D:2      | Reached XP level 5. HP: 39/39 MP: 6/8
  2672 | D:3      | Reached skill level 1 in Fighting
  3189 | D:3      | Reached skill level 2 in Dodging
  3815 | D:2      | Found a snail-covered altar of Cheibriados.
  3898 | D:4      | Noticed an ogre
  3910 | D:4      | Killed an ogre
  3910 | D:4      | Reached skill level 2 in Fighting
  3910 | D:4      | Reached XP level 6. HP: 23/48 MP: 0/10
  4075 | D:4      | Learned a level 4 spell: Animate Dead
  4383 | D:4      | Noticed Eustachio
  4485 | D:4      | Found a hazy altar of Hepliaklqana.
  4490 | D:4      | Found a white marble altar of Elyvilon.
  4490 | D:4      | Found a glowing golden altar of the Shining One.
  4904 | D:5      | Entered Level 5 of the Dungeon
  5190 | D:5      | Reached skill level 6 in Necromancy
  5392 | D:5      | Reached skill level 3 in Spellcasting
  5449 | D:5      | Reached skill level 3 in Fighting
  5567 | D:5      | Reached XP level 7. HP: 55/57 MP: 7/11
  5642 | D:5      | Reached skill level 3 in Dodging
  5894 | D:5      | Found Umiuzureod's Food Boutique.
  6259 | D:5      | Reached skill level 4 in Fighting
  6646 | D:6      | Found a staircase to the Ecumenical Temple.
  7427 | D:6      | Reached skill level 5 in Fighting
  7434 | Temple   | Entered the Ecumenical Temple
  7436 | Temple   | Reached skill level 4 in Dodging
  7614 | Temple   | Became a worshipper of Kikubaaqudgha
  7665 | D:5      | HP: 3/61 [orc priest/+0 trident (8)]
  7943 | D:6      | Reached XP level 8. HP: 50/69 MP: 8/12
  8472 | D:6      | Reached skill level 6 in Fighting
  8958 | D:6      | Reached skill level 5 in Dodging
  8962 | D:6      | Noticed Grinder
  9156 | D:7      | Reached skill level 7 in Fighting
  9508 | D:8      | Reached * piety under Kikubaaqudgha
  9508 | D:8      | Identified Kikubaaqudgha's Handbook of Evil Rites
                  | (Kikubaaqudgha gifted it to you on level 8 of the Dungeon)
  9508 | D:8      | Received a gift from Kikubaaqudgha
  9807 | D:9      | Found Vuucinah's Weapon Boutique.
  9807 | D:9      | Found a staircase to the Orcish Mines.
  9825 | D:9      | Reached skill level 8 in Fighting
  9825 | D:9      | Reached XP level 9. HP: 62/81 MP: 3/13
  9929 | D:9      | Noticed a two-headed ogre
  9940 | D:9      | Killed a two-headed ogre
  9940 | D:9      | Reached skill level 9 in Fighting
  9940 | D:9      | Reached skill level 6 in Dodging
 10215 | Orc:1    | Entered Level 1 of the Orcish Mines
 10215 | Orc:1    | Noticed an orc sorcerer
 10534 | D:9      | Reached skill level 7 in Dodging
 11433 | D:6      | Killed Grinder
 11513 | D:6      | Learned a level 2 spell: Sublimation of Blood
 11517 | D:6      | Learned a level 3 spell: Regeneration
 11702 | D:2      | Found a blossoming altar of Fedhas.
 11882 | D:2      | Killed Sigmund
 11882 | D:2      | Reached skill level 10 in Fighting
 12077 | D:2      | Found a snail-covered altar of Cheibriados.
 12401 | D:7      | Reached skill level 1 in Evocations
 12401 | D:7      | Reached XP level 10. HP: 90/93 MP: 12/14
 12562 | D:7      | Reached ** piety under Kikubaaqudgha
 13359 | D:8      | Found a shattered altar of Ashenzari.
 13504 | D:9      | Reached skill level 7 in Necromancy
 13504 | D:9      | Reached skill level 2 in Evocations
 14260 | D:9      | Noticed Harold
 14372 | D:9      | Reached skill level 3 in Evocations
 14376 | D:9      | Found a shadowy altar of Dithmenos.
 14555 | D:10     | Entered Level 10 of the Dungeon
 14682 | D:10     | Identified a scarf of resistance (You found it on level 10
                  | of the Dungeon)
 14759 | D:9      | Reached skill level 8 in Dodging
 15141 | D:10     | Reached *** piety under Kikubaaqudgha
 15141 | D:10     | Identified Kikubaaqudgha's Guide on Darkness (Kikubaaqudgha
                  | gifted it to you on level 10 of the Dungeon)
 15141 | D:10     | Received a gift from Kikubaaqudgha
 15345 | D:10     | Reached skill level 11 in Fighting
 15590 | D:10     | Reached skill level 4 in Evocations
 15798 | D:10     | Reached skill level 8 in Necromancy
 15975 | D:10     | Found a shimmering altar of Xom.
 15975 | D:10     | Found a shimmering altar of Xom.
 15977 | D:10     | Found a shimmering altar of Xom.
 15983 | D:10     | Found a shimmering altar of Xom.
 15985 | D:10     | Found a shimmering altar of Xom.
 15990 | D:10     | Found a shimmering altar of Xom.
 15990 | D:10     | Found a shimmering altar of Xom.
 16142 | D:10     | Reached skill level 4 in Spellcasting
 16142 | D:10     | Reached XP level 11. HP: 74/102 MP: 15/17
 16387 | D:10     | Reached skill level 5 in Spellcasting
 16645 | D:10     | Learned a level 5 spell: Borgnjor's Vile Clutch
 16700 | D:11     | Found a staircase to the Lair.
 17662 | D:10     | Reached **** piety under Kikubaaqudgha
 17892 | D:11     | Reached skill level 1 in Earth Magic
 17897 | D:11     | HP: 5/102 [centaur (9)]
 18476 | D:11     | Noticed Grum
 18900 | D:11     | Noticed Gastronok
 19818 | D:11     | Reached skill level 2 in Earth Magic
 19866 | D:11     | Killed Gastronok
 19866 | D:11     | Reached skill level 6 in Spellcasting
 19866 | D:11     | Reached skill level 9 in Necromancy
 20023 | D:11     | HP: 8/102 [wolf[Grum] (3)]
 20024 | D:11     | HP: 3/102 [wolf[Grum] (1)]
 20026 | D:11     | HP: 1/102 [wolf[Grum] (2)]
 20026 | D:11     | Slain by a wolf

Vanquished Creatures
  A two-headed ogre (D:9)
  A troll (D:11)
  Grinder (D:6)
  Sigmund (D:2)
  6 yaks
  A wyvern (D:10)
  2 wargs (D:10)
  A water moccasin (D:11)
  6 orc warriors
  A sky beast (D:5)
  2 black bears (D:9)
  2 ice beasts (D:9)
  A phantom (D:9)
  9 ogres
  A necrophage (D:9)
  14 centaurs
  2 crocodiles (D:10)
  2 big kobolds
  5 bullfrogs
  3 scorpions
  12 killer bees
  4 howler monkeys
  7 crimson imps
  A quasit (D:11)
  A bullfrog zombie (D:9)
  3 jellies
  8 orc priests
  9 orc wizards
  5 hounds
  2 centaur skeletons (D:10)
  Jessica (D:2)
  A bullfrog skeleton (D:5)
  6 iguanas
  7 worker ants
  2 hound skeletons
  2 howler monkey skeletons
  2 gnolls (D:8)
  10 adders
  3 shadow imps
  An ooze (D:2)
  5 worms
  A dart slug (D:2)
  2 leopard geckos
  32 orcs
  2 ball pythons
  15 bats
  7 giant cockroaches
  10 hobgoblins
  16 jackals
  5 quokkas
  3 frilled lizards
  7 goblins
  11 kobolds
  A leopard gecko zombie (D:6)
  3 quokka zombies
  6 rats
275 creatures vanquished.

Vanquished Creatures (collateral kills)
  Gastronok (D:11)
  2 yaks
  An ogre (D:10)
  A bullfrog (D:11)
  A quasit (D:11)
  An orc priest (D:10)
  A worker ant (D:9)
  A howler monkey zombie (D:6)
  A gnoll (D:9)
  A shadow imp (D:5)
  A dart slug (D:2)
  An orc (D:10)
  2 jackals
15 creatures vanquished.

Vanquished Creatures (others)
  An ogre (D:11)
1 creature vanquished.

Grand Total: 291 creatures vanquished
